 Dungeon Crawl Stone Soup version 0.31-a0-940-gdaa99269f9 (webtiles) character file.

Game seed: 12860566285480491021

354 DocEon the Spear-Bearer (level 6, -2/47 HPs)
             Began as a Merfolk Fighter on Oct 20, 2023.
             Slain by a river rat (5 damage)
             ... in a sewer.
             The game lasted 00:02:21 (2262 turns).

DocEon the Spear-Bearer (Merfolk Fighter)           Turns: 2262, Time: 00:02:22

Health: -2/47      AC:  7    Str: 21    XL:     6   Next: 62%
Magic:  6/6        EV:  9    Int:  8    God:
Gold:   45         SH:  4    Dex: 13    Spells: 5/5 levels left

rFire   . . .        a - +0 trident
rCold   . . .        j - +0 buckler "Fejaash" {Str+3}
rNeg    . . .        b - +0 scale mail
rPois   .            h - +0 helmet
rElec   .            (no cloak)
rCorr   .            (no gloves)
SInv    .            (no boots)
Will    .....        (no amulet) Stlth
                     (no ring)
HPRegen 0.27/turn    (no ring)
MPRegen 0.10/turn

%: no passive effects
@: slowed, very slow
A: (nimble swimmer 2), mertail
a: no special abilities


You were in a sewer.
You visited 1 branch of the dungeon, and saw 3 of its levels.
You also visited: Sewer.

You collected 100 gold pieces.
You spent 55 gold pieces at shops.

Inventory:

Hand Weapons
 a - a +0 trident (weapon)
Armour
 b - a +0 scale mail (worn)
 c - a +0 buckler
 h - a +0 helmet (worn)
 j - the +0 buckler "Fejaash" (worn) {Str+3}
   (You found it on level 2 of the Dungeon)

   Str+3:     It affects your strength (+3).
Jewellery
 f - a ring of positive energy
Wands
 l - a wand of polymorph (9)
Scrolls
 g - a scroll of identify
 k - a scroll of blinking
Potions
 d - a potion of might
 e - a potion of heal wounds
 i - a potion of invisibility
 m - a potion of lignification {unknown}
 n - a potion of magic {unknown}


   Skills:
 - Level 3.2 Fighting
 * Level 9.0 Polearms
 - Level 2.1 Armour
 - Level 3.0 Shields


You had 5 spell levels left.
You didn't know any spells.
Your spell library contained the following spells:

 Spells                   Type           Power      Damage    Failure   Level
 Frozen Ramparts          Ice            0%         1d1       99%         3
 Inner Flame              Hex/Fire       0%         N/A       99%         3
 Flame Wave               Conj/Fire      0%         2d4       100%        4
 Petrify                  Tmut/Erth      0%         N/A       100%        4
 Sticky Flame             Conj/Fire      0%         2d3       100%        4
 Metabolic Englaciation   Hex/Ice        0%         N/A       100%        5


Dungeon Overview and Level Annotations

Branches:
Dungeon (3/15)              Sewer (1/1)

Altars:
Kikubaaqudgha

Shops:
D:3 *


Innate Abilities, Weirdness & Mutations

((You are very nimble when in or above water. (Stealth+, EV+, Speed+++)))
Your lower body shifts to a powerful aquatic tail in water.


Message History

You feel very sick. The kobold attacks as it pursues you!
The kobold closely misses you.
You feel sick.
The kobold throws a poisoned dart.
The poisoned dart hits you!
You are more poisoned.
Your legs become a tail as you enter the water.
* * * LOW HITPOINT WARNING * * *
You feel very sick. The kobold attacks as it pursues you!
The kobold barely misses you.
* * * LOW HITPOINT WARNING * * *
You feel sick.
You feel much better.
You feel very sick.
You feel sick.
You feel sick.
You feel sick.
The kobold throws a poisoned dart.
The poisoned dart closely misses you.
You feel sick. 2 rats come into view.
You feel sick.
The kobold brigand throws a curare-tipped dart.
The curare-tipped dart hits you.
You are more poisoned.
You have difficulty breathing.
You feel as though you will be slow longer.
A rat and 2 river rats come into view.
You feel sick.
The kobold throws a poisoned dart.
You block the poisoned dart.
The river rat twitches its whiskers.
You feel sick.
You feel sick. The rat bites you but does no damage.
You block the rat's attack. The rat barely misses you.
You feel sick. The rat attacks as it pursues you!
The rat completely misses you. The rat barely misses you.
The river rat barely misses you. The river rat bites you.
* * * LOW HITPOINT WARNING * * *
You feel sick. The river rat barely misses you. The rat barely misses you.
You feel sick.
You are no longer poisoned.
You barely miss the river rat. The rat barely misses you.
The river rat bites you.
You die...

≈#≈≈≈≈≈≈≈≈≈≈≈≈~≈~≈≈~≈≈≈≈~≈≈≈†≈≈≈≈
#≈≈≈≈≈≈≈≈≈≈≈≈≈≈~≈~≈≈~≈~~≈≈≈≈≈≈≈≈≈
≈#≈≈≈≈≈≈≈≈≈≈~~≈~.~.~.~~~~≈≈≈≈≈≈≈≈
##≈≈≈≈≈≈≈≈≈~~~~........~≈~≈~≈~≈≈~
.#≈~~~≈≈≈≈~~...........~.~~~.~~~~
.#~..~.~~........................
.+.............r.............†.†.
.#.............rr..........##....
.#............rr@##.......#####..
## #..###......#####..##...######
## ##...######..#####..∩# # #####
#∩..## ##### #####


You could see 2 river rats and 3 rats.

Vanquished Creatures
  Grinder (D:3)
  Natasha (D:3)
  4 adders
  2 river rats (Sewer)
  A worm (D:3)
  2 dart slugs
  4 bats
  4 endoplasms
  3 giant cockroaches
  9 goblins
  7 hobgoblins
  5 jackals
  2 quokkas
  7 ball pythons
  16 frilled lizards
  9 kobolds
  18 rats
95 creatures vanquished.

Notes
Turn   | Place    | Note
-------+----------+-------------------------------------------
     0 | D:1      | DocEon the Merfolk Fighter began the quest for the Orb.
     0 | D:1      | Reached XP level 1. HP: 18/18 MP: 1/1
    25 | D:1      | Reached skill level 3 in Polearms
    70 | D:1      | Reached XP level 2. HP: 21/24 MP: 2/2
   202 | D:1      | Reached skill level 4 in Polearms
   344 | D:1      | Reached XP level 3. HP: 29/29 MP: 3/3
   717 | D:2      | Reached skill level 5 in Polearms
   883 | D:2      | Reached XP level 4. HP: 35/35 MP: 4/4
   936 | D:2      | Identified the +0 buckler "Fejaash" {Str+3}
  1569 | D:3      | Reached skill level 6 in Polearms
  1711 | D:3      | Noticed Grinder
  1734 | D:3      | Paralysed by Grinder for 5 turns
  1746 | D:3      | Paralysed by Grinder for 2 turns
  1751 | D:3      | Paralysed by Grinder for 4 turns
  1758 | D:3      | Killed Grinder
  1759 | D:3      | Reached skill level 8 in Polearms
  1759 | D:3      | Reached XP level 5. HP: 31/41 MP: 5/5
  1759 | D:3      | Reached XP level 6. HP: 36/47 MP: 6/6
  1814 | D:3      | Found Xuawkih's General Store.
  1821 | D:3      | Bought a potion of heal wounds for 55 gold pieces
  1834 | D:3      | Noticed Natasha
  1841 | D:3      | Killed Natasha
  1905 | D:3      | Found an ancient bone altar of Kikubaaqudgha.
  1950 | D:3      | Found a glowing drain.
  1959 | Sewer    | Entered a sewer
  2131 | Sewer    | Reached skill level 9 in Polearms
  2262 | Sewer    | Slain by a river rat

Illustrated notes

Levels and vault maps discovered:
D:1:      dpeg_arrival_simpleton_b, layout_loops_ring, serial_glass,
          glass_columns_c, glass_columns_a, minmay_lizard_pond
D:2:      layout_loops_ring
D:3:      layout_loops_ring, nicolae_overflow_hidden_temple,
          mainiacjoe_overflow_six_doors_small, portal_sewer_entry_d,
          serial_shops, shop, uniq_pargi, uniq_grinder, uniq_natasha,
          uniq_sigmund
Sewer:    sewer_minmay_treatment

Skill      XL: |  1  2  3  4  5  6 |
---------------+-------------------+-----
Polearms       | 3 4 5 8 9 |  9.0
Fighting       | |  3.2
Armour         | |  2.1
Shields        | |  3.0

Action                     |  1- 3 |  4- 6 || total
---------------------------+-------+-------++-------
  Melee: Trident           |   124 |   175 ||   299
    Use: Scroll            |     1 |     4 ||     5
         Potion            |       |     2 ||     2
 Armour: Scale mail        |    88 |   114 ||   202
  Dodge: Dodged            |    70 |    85 ||   155
  Block: Buckler           |    28 |    37 ||    65

Table legend: (Time is in decaauts)
 A = Elapsed time spent in this place.
 B = Non-inter-level travel time spent in this place.
 C = Inter-level travel time spent in this place.
 D = Time resting spent in this place.
 E = Time spent auto-exploring this place.
 F = Levels seen in this place.
 G = Mean time per level.
                   A        B        C        D        E       F      G
               +--------+--------+--------+--------+--------+-----+--------+
         Total |   2246 |   2144 |    102 |    196 |   1349 |   4 |  561.5 |
       Dungeon |   1971 |   1869 |    102 |    149 |   1222 |   3 |  657.0 |
         Sewer |    275 |    275 |      0 |     47 |    127 |   1 |  275.0 |
               +--------+--------+--------+--------+--------+-----+--------+

Top non-repeatable levels by time:
     D:2: 847 daAuts
     D:1: 707 daAuts
     D:3: 416 daAuts
   Sewer: 275 daAuts
